 Dungeon Crawl Stone Soup version 0.31-a0-37-g98a128e1d9 (console) character file.

Game seed: 2141318636184662500

4 petzl the Sneak (level 1, 18/18 HPs)
             Began as a Formicid Delver on May 15, 2023.
             Quit the game on level 11 of the Dungeon.
             The game lasted 00:03:47 (401 turns).

petzl the Sneak (Formicid Delver)                    Turns: 401, Time: 00:03:47

Health: 18/18      AC:  3    Str: 16    XL:     1   Next: 66%
Magic:  2/2        EV: 12    Int:  9    God:
Gold:   29         SH:  0    Dex: 15    Spells: 2/2 levels left

rFire   . . .        a - +0 mace
rCold   . . .        (no shield)
rNeg    . . .        b - +0 leather armour
rPois   .            (helmet unavailable)
rElec   .            (no cloak)
rCorr   .            (no gloves)
SInv    +            (no boots)
Will    .....        (no amulet)
Stlth   +++          (no ring)
HPRegen 0.23/turn    (no ring)
MPRegen 0.08/turn

%: no passive effects
@: no status effects
A: permanent stasis, dig shafts and tunnels, antennae 3, four strong arms
a: Dig, Shaft Self


You were on level 11 of the Dungeon.
You visited 1 branch of the dungeon, and saw 7 of its levels.

You collected 29 gold pieces.

Inventory:

Hand Weapons
 a - a +0 mace (weapon)
Armour
 b - a +0 leather armour (worn)
Wands
 f - a wand of digging (3)
Scrolls
 c - a scroll of fog
 d - a scroll of magic mapping
 e - a scroll of fear
 h - a scroll of blinking {unknown}
Potions
 g - a potion of curing {unknown}
 i - a potion of cancellation {unknown}


   Skills:
 - Level 3.2 Fighting
 - Level 2.0 Maces & Flails
 - Level 1.7 Dodging
 - Level 6.0 Stealth
 + Level 1.1 Spellcasting


You had 2 spell levels left.
You didn't know any spells.
Your spell library was empty.

Dungeon Overview and Level Annotations

Branches:
Dungeon (12/15)
 Temple: D:4-7         Lair: D:8-11         Orc: D:9-12

Altars:

Annotations:
D:5 exclusion: downstairs
D:10 exclusions: centaur and downstairs
D:11 exclusion: sensed monster (detected), Lodul


Innate Abilities, Weirdness & Mutations

You cannot be hasted, slowed, berserked, paralysed or teleported.
You can dig through walls and to a lower floor.
You have a pair of large antennae on your head. (SInv)
Your four strong arms can wield two-handed weapons with a shield.


Message History

You climb upwards.
Level annotation: exclusion: centaur
There is a stone staircase leading down here.
Press: ? - help, v - describe, . - travel A stone staircase leading up.
There is a stone staircase leading up here.
You climb upwards.
The kobold shouts! x3
There is a stone staircase leading down here.
The kobold barely misses you.
A kobold comes into view.
It is wielding a +0 club and quivering poisoned darts.
The kobold brigand throws a poisoned dart.
The poisoned dart hits you!
You are poisoned.
You feel very sick.
Are you sure you want to shaft yourself?
You feel sick.
The kobold hits you with a +0 short sword.
You begin to dig a shaft.
You continue digging a shaft.
You feel sick. The kobold barely misses you. The kobold closely misses you.
A shaft appears beneath you!
You fall into a shaft and drop 3 floors!
The shaft crumbles and collapses.
You feel sick.
You start resting.
You feel sick. x5
You are no longer poisoned.
You start resting.
HP restored.
Found 3 stones.
Found an escape hatch in the ceiling.
There is an escape hatch in the ceiling here.
A mysterious force pulls you upwards. The hatch slams shut behind you.
An ogre comes into view. It is wielding a +0 giant club.
Lodul and 2 ogres come into view.
Found a ring mail.
Press: ? - help, . - travel You can't see that place.
Placed new exclusion.
Unknown command.
The ufetubus shouts!
You hear a shout! x2
Are you sure you want to abandon this character and quit the game? (Confirm with "yes".)

≈4.# #.~≈ ~~... {~4
#~{. ~~# ##≈≈~{{≈≈##
##..≈≈ ≈..## ...
....###.... ....
#..#..# .O..{ #..@.#
....O #.####
...[.######.### #
.OO...........######
#
#####......#......#
## ##.###########.#
. { #..# { { #.## ##
.g. #. ....# { { #..
...... ......{ .
.....# ## #....


You could see 2 ice devils.

Vanquished Creatures
  2 orcs (D:7)
2 creatures vanquished.

Notes
Turn   | Place    | Note
-------+----------+-------------------------------------------
     0 | D:5      | petzl the Formicid Delver began the quest for the Orb.
     0 | D:5      | Reached XP level 1. HP: 18/18 MP: 1/1
     1 | D:6      | Noticed an orc priest
    33 | D:6      | Noticed an ogre
    39 | D:5      | Noticed an iguana
    72 | D:5      | You fall into a shaft and drop 2 floors!
   116 | D:7      | Reached skill level 1 in Spellcasting
   118 | D:7      | You fall into a shaft and drop 3 floors!
   118 | D:10     | Entered Level 10 of the Dungeon
   187 | D:10     | Noticed a centaur
   239 | D:11     | Noticed a wraith
   246 | D:9      | Noticed a kobold brigand
   251 | D:9      | You fall into a shaft and drop 3 floors!
   371 | D:11     | Noticed an ogre
   372 | D:11     | Noticed Lodul
   372 | D:11     | Noticed an ogre
   372 | D:11     | Noticed an ogre
   399 | D:11     | Noticed an ice devil
   400 | D:11     | Noticed an ice devil
   401 | D:11     | Quit the game

Illustrated notes

Levels and vault maps discovered:
D:5:      layout_rooms, gup_sewer_entry_pipe
D:6:      layout_rooms, marbit_many_paths, okawaru_gym_becter
D:7:      layout_basic, lemuel_round_altar, ebering_ghost_gozag, uniq_maggie
D:9:      layout_long_grid, dpeg_oklobed_lair, uniq_psyche
D:10:     layout_long_grid, led_sif_book, erik_orc_1
D:11:     cheibrodos_frozen_isle, layout_rooms, uniq_nergalle, uniq_lodul
D:12:     layout_long_grid, nicolae_kite_square_tiling_tiny,
          hangedman_glass_teeth, hangedman_decor_push, blue_anna_alchemist,
          uniq_jorgrun, uniq_snorg

Skill      XL: |  1 |
---------------+----+-----
Spellcasting   | 1 |  1.1
Fighting       | |  3.2
Maces & Flails | |  2.0
Dodging        | |  1.7
Stealth        | |  6.0

Action                     || total
---------------------------++-------
  Melee: Mace              ||     9
Ability: Shaft Self        ||     3
 Armour: Leather armour    ||     4
  Dodge: Dodged            ||    26

Table legend: (Time is in decaauts)
 A = Elapsed time spent in this place.
 B = Non-inter-level travel time spent in this place.
 C = Inter-level travel time spent in this place.
 D = Time resting spent in this place.
 E = Time spent auto-exploring this place.
 F = Levels seen in this place.
 G = Mean time per level.
                   A        B        C        D        E       F      G
               +--------+--------+--------+--------+--------+-----+--------+
         Total |    403 |    403 |      0 |    131 |     77 |   7 |   57.6 |
       Dungeon |    403 |    403 |      0 |    131 |     77 |   7 |   57.6 |
               +--------+--------+--------+--------+--------+-----+--------+

Top non-repeatable levels by time:
    D:10: 126 daAuts
    D:12: 118 daAuts
     D:5: 69 daAuts
     D:7: 48 daAuts
    D:11: 32 daAuts
     D:9: 4 daAuts
     D:6: 3 daAuts
